 Dungeon Crawl Stone Soup version 0.28-a0-1152-g9c71ebef14 (webtiles) character file.

Game seed: 3327313947415410106

18 cheechan the Digger (level 2, 14/17 HPs)
             Began as an Octopode Earth Elementalist on Dec 4, 2021.
             Quit the game on level 1 of the Dungeon on Dec 14, 2021.
             The game lasted 00:01:51 (214 turns).

cheechan the Digger (Octopode Earth Elementalist)    Turns: 214, Time: 00:01:52

Health: 14/17      AC:  1    Str:  7    XL:     2   Next: 70%
Magic:  2/5        EV: 13    Int: 17    God:
Gold:   21         SH:  0    Dex: 12    Spells: 4/5 levels left

rFire   . . .      SeeInvis .   f - +0 dagger (speed)
rCold   . . .      Faith    .   (no shield)
rNeg    . . .      Spirit   .   (helmet restricted)
rPois   .          Reflect  .   (no amulet)
rElec   .          Harm     .   (no ring)
rCorr   .          Rampage  .   (no ring)
Will    .....                   (no ring)
Stlth   +++.......              (no ring)
HPRegen 0.05/turn               (no ring)
MPRegen 0.09/turn               (no ring)
                                (no ring)
                                (no ring)

@: no status effects
A: almost no armour, amphibious, 8 rings, camouflage 1, gelatinous body 1,
(nimble swimmer 1), tentacles
a: no special abilities


You were on level 1 of the Dungeon.
You visited 1 branch of the dungeon, and saw 1 of its levels.

You collected 21 gold pieces.

Inventory:

Hand Weapons
 f - a +0 dagger of speed (weapon)
Missiles
 b - 18 stones
 d - 6 silver javelins (quivered)
Potions
 c - a potion of mutation {unknown}
 e - a potion of heal wounds {unknown}


   Skills:
 + Level 2.4 Dodging
 + Level 3.1 Stealth
 + Level 2.2 Spellcasting
 + Level 1.0 Transmutations
 + Level 3.3 Earth Magic


You had 4 spell levels left.
You knew the following spells:

 Your Spells              Type           Power      Damage    Failure   Level
a - Sandblast             Erth           26%        2d8       4%          1

Your spell library contained the following spells:

 Spells                   Type           Power      Damage    Failure   Level
 Passwall                 Tmut/Erth      7%         N/A       12%         2
 Beastly Appendage        Tmut           10%        N/A       13%         1
 Wereblood                Tmut           5%         N/A       19%         2
 Stone Arrow              Conj/Erth      14%        3d7       28%         3
 Spider Form              Tmut/Pois      3%         N/A       43%         3
 Petrify                  Tmut/Erth      9%         N/A       61%         4


Dungeon Overview and Level Annotations

Branches:
Dungeon (1/15)

Altars:


Innate Abilities, Weirdness & Mutations

You cannot wear most types of armour.
You are amphibious.
You can wear up to eight rings at the same time.
Your skin changes colour to match your surroundings (Stealth+).
Your rubbery body absorbs attacks. (AC +1, EV +1)
((You are camouflaged near water. (Stealth+)))
You have tentacles for arms and can constrict up to eight enemies at once.


Message History

The ball python constricts you.
Your magical contamination has completely faded away.
You hit the ball python.
You kill the ball python!
Found 9 gold pieces.
You now have 21 gold pieces (gained 9).
A goblin comes into view. It is wielding a +0 dagger of speed.
Found a ring mail.
A bat comes into view.
Casting: Sandblast (safe; 4% risk of failure)
Confirm with . or Enter, or press ? or * to list all spells.
Aiming: Sandblast (safe; 4% risk of failure)
Press: ? - help, Shift-Dir - straight line, f - goblin
Aim: a goblin, wielding a +0 dagger of speed (asleep, 100% to hit)
The blast of sand hits the goblin!
You kill the goblin!
b - 19 stones Unknown command.
Found a stone staircase leading down.
The bat closely misses you.
Things that are here:
a +0 dagger of speed; a goblin corpse
f - a +0 dagger of speed Your tentacles tingle!
f - a +0 dagger of speed (weapon)
The bat barely misses you.
Drop what? 6/52 slots (_ for help) (? for menu, Esc to quit)
You drop a +0 whip.
The bat barely misses you. The bat barely misses you.
Casting: Sandblast (safe; 4% risk of failure)
Confirm with . or Enter, or press ? or * to list all spells.
Aiming: Sandblast (safe; 4% risk of failure)
Press: ? - help, Shift-Dir - straight line, f - bat
Aim: a bat (69% to hit)
The blast of sand hits the bat!
You kill the bat!
b - 18 stones Unknown command.
Welcome back, cheechan the Octopode Earth Elementalist.
Press ? for a list of commands and other information.
Are you sure you want to abandon this character and quit the game? (Confirm with "yes".)

.>. #.# #. #.#
#.## #.# #....
#.# .... #.# ####
...#.# .... #.#)#
...[. #†.@# .....
♣ ###.# ......
♣..###.##......
#...........#.
#..##..###....
##.#...#....#.
♣≈≈≈
♣P♣##.#.........#
.≈≈≈♣♣
....##..#.##...
♣≈≈≈P♣♣
♣####..#..#...


There were no monsters in sight!

Vanquished Creatures
  3 dart slugs (D:1)
  A ball python (D:1)
  3 bats (D:1)
  An endoplasm (D:1)
  A goblin (D:1)
  A hobgoblin (D:1)
  A frilled lizard (D:1)
  A kobold (D:1)
12 creatures vanquished.

Notes
Turn   | Place    | Note
-------+----------+-------------------------------------------
     0 | D:1      | cheechan the Octopode Earth Elementalist began the quest
                  | for the Orb.
     0 | D:1      | Reached XP level 1. HP: 11/11 MP: 3/3
    95 | D:1      | Reached XP level 2. HP: 15/17 MP: 1/5
   214 | D:1      | Upgraded the game from 0.28-a0-984-g3775c662fe to
                  | 0.28-a0-1152-g9c71ebef14
   214 | D:1      | Quit the game

Illustrated notes

Levels and vault maps discovered:
D:1:      eino_arrival_cavern_d, layout_basic, wad_woods_river_04

Skill      XL: |  1  2 |
---------------+-------+-----
Stealth        | 3 |  3.1
Dodging        | |  2.4
Spellcasting   | |  2.2
Transmutations | |  1.0
Earth Magic    | |  3.3

Action                   || total
-------------------------++-------
Melee: Whip              ||     7
       Constrict         ||     2
       Unarmed           ||     1
Throw: Javelin           ||     2
 Cast: Sandblast         ||    12
  Use: Scroll            ||     1
Armor: Skin              ||     1
Dodge: Dodged            ||    17

Table legend: (Time is in decaauts)
 A = Elapsed time spent in this place.
 B = Non-inter-level travel time spent in this place.
 C = Inter-level travel time spent in this place.
 D = Time resting spent in this place.
 E = Time spent auto-exploring this place.
 F = Levels seen in this place.
 G = Mean time per level.
                   A        B        C        D        E       F      G
               +--------+--------+--------+--------+--------+-----+--------+
         Total |    214 |    214 |      0 |      0 |      0 |   1 |  214.0 |
       Dungeon |    214 |    214 |      0 |      0 |      0 |   1 |  214.0 |
               +--------+--------+--------+--------+--------+-----+--------+

Top non-repeatable levels by time:
     D:1: 214 daAuts
